 Dungeon Crawl Stone Soup version 0.20-a0-791-gf6451d4 (webtiles) character file.

675529 AlphabetPasta the Impregnable (level 27, -15/363 HPs)
             Began as a Barachian Berserker on Feb 26, 2017.
             Was the Champion of Trog.
             Demolished by an infernal warmonger
             ... wielding a +2 great mace of protection
              (18 damage)
             ... on level 5 of the Realm of Zot on Feb 28, 2017.
             The game lasted 09:07:33 (76415 turns).

AlphabetPasta the Impregnable (BaBe)               Turns: 76415, Time: 09:07:34

Health: -15/363    AC: 43    Str: 32    XL:     27
Magic:  0/11       EV: 24    Int:  8    God:    Trog [******]
Gold:   5670       SH:  0    Dex: 22    Spells: 26/26 levels left

rFire    + + .     SeeInvis +   a - +9 great sword (antimagic)
rCold    + + .     Gourm    .   E - +5 gold dragon scales
rNeg     + + .     Faith    .   (shield currently unavailable)
rPois    +         Spirit   +   q - +2 hat of the Bear Spirit {Spirit, +Rage rN+ MR++}
rElec    +         Reflect  .   Q - +1 cloak {rF+}
rCorr    .         Harm     .   L - +2 pair of gloves {Str+3}
MR       +++++                  t - +2 pair of boots {Stlth+}
Stlth    ..........             C - amulet of Wahuleoj {rPois rN+ Regen+}
Regen    1.0/turn               Z - ring of see invisible
MPRegen  0.2/turn               l - ring "Boxzaodu" {*Drain rElec rC+ Dex+4 Stlth+}

@: berserking, lethally poisoned (-15 -> -15), sap magic, corroded, can't hop,
very slightly contaminated, fainting, regenerating, hasted and slowed, studying
Throwing, slow
A: +LOS, swims, hooves 1, slimy green scales 1, blink, blurry vision 1, clumsy
1, slowness 1, inhibited regeneration, strong 1, evolution 1, strong legs 2
0: Orb of Zot
}: 3/15 runes: serpentine, barnacled, abyssal
a: Hop, Blink, Berserk, Trog's Hand, Brothers in Arms, Burn Spellbooks, Renounce
Religion, Evoke Berserk Rage


You were on level 5 of the Realm of Zot.
You worshipped Trog.
Trog was exalted by your worship.
You were fainting.

You visited 9 branches of the dungeon, and saw 48 of its levels.
You visited the Abyss 1 time.
You also visited: Labyrinth, Trove, Ice Cave, Volcano, Wizlab and Desolation.

You collected 7687 gold pieces.
You spent 2017 gold pieces at shops.

Inventory:

Hand Weapons
 a - a +9 antimagic great sword (weapon)
 b - a +8 arbalest of flaming
 v - a +3 triple crossbow of freezing
Missiles
 j - 1184 bolts
Armour
 q - the +2 hat of the Bear Spirit (worn) {Spirit, +Rage rN+ MR++}
   (You found it in the Desolation of Salt)

   It protects you from negative energy.
   It affects your resistance to hostile enchantments.
   It lets you go berserk.
 t - a +2 pair of boots of stealth (worn)
 E - +5 gold dragon scales (worn)
 L - a +2 pair of gloves of strength (worn)
 Q - a +1 cloak of fire resistance (worn)
Jewellery
 g - the ring of Moodiness {+Inv rC+ rN+ EV+3 Int-2}
   (You found it in the Desolation of Salt)

   [ring of evasion]

   It affects your evasion (+3).
   It affects your intelligence (-2).
   It protects you from cold.
   It protects you from negative energy.
   It lets you turn invisible.
 l - the ring "Boxzaodu" (left hand) {*Drain rElec rC+ Dex+4 Stlth+}
   (You found it in a treasure trove)

   [ring of dexterity]

   It affects your dexterity (+4).
   It protects you from cold.
   It insulates you from electricity.
   It causes draining when unequipped.
   It makes you more stealthy.
 x - the ring of the Median {rCorr Dex+4}
   (You found it in a treasure trove)

   [ring of resist corrosion]

   It affects your dexterity (+4).
 C - the amulet of Wahuleoj (around neck) {rPois rN+ Regen+}
   (You found it in a treasure trove)

   [amulet of regeneration]

   It protects you from poison.
   It protects you from negative energy.
   It increases your rate of regeneration.
 I - an uncursed ring of protection from cold
 Z - a ring of see invisible (right hand)
Wands
 h - a wand of clouds (7/9)
 r - a wand of lightning (5/15)
 y - a wand of paralysis (12/24)
 M - a wand of confusion (32/48)
 P - a wand of digging (12/24)
 U - a wand of scattershot (9/9)
 V - a wand of iceblast (2/15)
Scrolls
 d - 9 scrolls of teleportation
 i - 19 scrolls of remove curse
 A - 3 scrolls of blinking
 B - 6 scrolls of fog
 G - 3 scrolls of fear
 H - 7 scrolls of recharging
 T - 3 scrolls of silence
Potions
 e - 12 potions of curing
 f - 4 potions of ambrosia
 k - a potion of resistance
 m - 9 potions of berserk rage
 n - 4 potions of agility
 s - 5 potions of invisibility
 w - 9 potions of might
 D - 4 potions of cancellation
 S - 2 potions of flight
Books
 J - a manual of Throwing
Miscellaneous
 X - a phial of floods
 Y - a lamp of fire
Comestibles
 u - 16 bread rations
 z - 25 fruits
 K - 20 meat rations


   Skills:
 + Level 25.5 Fighting
 + Level 25.9 Long Blades
 + Level 23.7 Crossbows
 + Level 26.6 Armour
 + Level 22.1 Dodging
 + Level 16.0 Evocations


You had 26 spell levels left.
You didn't know any spells.

Dungeon Overview and Level Annotations

Branches:
Dungeon (15/15)            Temple (0/1) D:7            Lair (6/6) D:11
 Shoals (4/4) Lair:4        Snake (4/4) Lair:2        Slime (0/5) Lair:6
    Orc (2/2) D:12            Elf (3/3) Orc:2        Vaults (4/5) D:13
  Crypt (0/3) Vaults:2     Depths (5/5) D:15            Zot (5/5) Depths:5

Altars:
Cheibriados
Dithmenos
Elyvilon
Fedhas
Kikubaaqudgha
Makhleb
Nemelex Xobeh
Okawaru
Qazlal
Ru
Sif Muna
Trog
Wu Jian
Xom
Zin
The Shining One

Shops:
D:6 *   D:14 }   Orc:2 (?[!}   Elf:1 ?*([*   Vaults:1 [   Depths:2 *[!%

Portals:
Hell: Depths:1 Depths:2 Depths:3 Depths:4 Depths:5
Abyss: Depths:3 Depths:4
Pandemonium: Depths:3 Depths:5
Ziggurat: Depths:4

Annotations:
D:11 potential hydras in waiting, exclusion: 2 doors


Innate Abilities, Weirdness & Mutations

Shadows flee at your approach. (+LOS)
You can swim through water.
You cover ground slowly.
You can hop longer distances.
You have large cloven feet.
You are partially covered in slimy green scales. (AC +2)
You can translocate small distances at will.
Scrolls take you a little longer to read.
You are clumsy. (Dex -2)
You do not regenerate when monsters are visible.
Your muscles are strong. (Str +2)
You evolve.


Message History

You are fainting from starvation!
The death cob hits you!
* * * LOW HITPOINT WARNING * * *
The death cob drains your vigour!
You feel as though you will be slow longer.
The death cob misses you. Amenk hits you but does no damage.
The death cob barely misses you.
You riposte.
You barely miss the death cob.
A hellwing comes into view.
You hit the orb of fire but do no damage.
You feel sick. The death cob completely misses you.
The electric golem hurls lightning at you.
The bolt of lightning hits the red devil.
The red devil dies!
The bolt of lightning hits the curse toe.
The curse toe resists.
The bolt of lightning hits Amenk.
Amenk completely resists.
The bolt of lightning hits you! You resist.
* * * LOW HITPOINT WARNING * * *
The bolt of lightning misses you.
The infernal warmonger hits you with a great mace of protection!!
You die...

....#....#...............#.###.#.
..(........................⌠...#.
.#......................#...##.#.
.#.......##......).)..6.#......#.
'#.......##......).)....#....###.
.........##....#######.....#.#...
.........##....##..(.......#.##..
...............##6.6.......#.###.
...............*@zX2.........#.##
...............##&z......#......#
.............(.§§2§..............
........4....§###.)T.............
#.#...(......(#....8...#.........
#+#..............###.............
......(...4......................
..........(.......4..[...........
......###.......)...).......##...


You could see Amenk, an orb of fire, an electric golem, a curse toe, a
cacodemon, an infernal warmonger, a death cob, an Orb Guardian, a reaper, an
infernal demonspawn, a hellwing and a friendly iron troll (berserk).

Vanquished Creatures
  A seraph (Zot:5)
  3 orbs of fire (Zot:5)
  9 ancient liches
  A juggernaut (Abyss:5)
  Boris (Depths:5)
  Margery (Vaults:2)
  Bai Suzhen (Depths:2)
  Vashnia (Snake:3)
  2 Killer Klowns (Zot:5)
  A caustic shrike (Depths:3)
  Nikola (Shoals:3)
  3 golden dragons
  3 bone dragons
  3 electric golems
  A Tzitzimitl (Zot:5)
  A Brimstone Fiend (Zot:5)
  3 liches
  Jorgrun (Snake:2)
  13 tentacled monstrosities
  An Ice Fiend (IceCv)
  Rupert (D:15)
  A pandemonium lord (Zot:5)
  4 titans
  26 Orb Guardians (Zot:5)
  2 deep elf master archers (Elf:3)
  5 quicksilver dragons
  A deep elf blademaster (Elf:3)
  4 death cobs
  3 krakens
  2 sphinxes
  13 tentacled starspawn
  An ancient champion (Vaults:2)
  Agnes (Elf:2)
  2 tengu reavers
  A thorn hunter (Depths:1)
  4 shadow dragons
  Ilsuiw (Shoals:4)
  6 storm dragons
  5 draconian monks
  2 daevas
  8 fire giants
  6 nagarajas
  8 deep elf sorcerers
  2 orc warlords (Depths:2)
  3 draconian scorchers
  A ghost moth (Zot:3)
  6 vault wardens
  7 draconian knights
  Aizul (Snake:1)
  An imperial myrmidon (Desolation)
  A balrug (Zot:1)
  The ghost of Caerwyn the Grappler, an adept VSTm of Cheibriados (Snake:2)
  10 frost giants
  3 cacodemons
  An iron dragon (Depths:4)
  8 draconian shifters
  3 deep elf elementalists
  5 angels
  4 spriggan defenders
  4 draconian annihilators
  3 draconian stormcallers
  11 ironheart preservers
  19 stone giants
  An entropy weaver (Vaults:2)
  4 green draconians
  10 very ugly things
  8 black draconians
  An entropy weaver (shapeshifter) (Zot:1)
  3 lorocyprocas
  2 ophanim (Abyss:5)
  11 deep elf annihilators
  12 yellow draconians
  Nessos (D:14)
  8 white draconians
  A yellow draconian (shapeshifter) (Zot:1)
  21 purple draconians
  3 halazid warlocks (Desolation)
  2 deep elf demonologists
  A red draconian (shapeshifter) (Zot:1)
  Azrael (D:13)
  7 red draconians
  A white draconian (shapeshifter) (Zot:1)
  2 jiangshi (Depths:4)
  9 statues (WizLab)
  Snorg (Orc:1)
  6 merfolk javelineers
  16 ettins
  A crystal guardian (Desolation)
  2 blizzard demons (Abyss:3)
  A green death (Abyss:3)
  11 fire dragons
  2 deep elf high priests (Elf:3)
  A mummy priest (Depths:1)
  A minotaur (Lab)
  7 yaktaur captains
  2 ragged hierophants (Desolation)
  8 merfolk impalers
  7 deep elf death magi
  14 great orbs of eyes
  6 vault guards
  17 ogre magi
  3 catoblepae (Lair:6)
  12 servants of whispers (Desolation)
  14 peacekeepers (Desolation)
  A hell beast (Zot:5)
  8 rakshasas
  12 naga warriors
  9 hydras
  8 ice dragons
  4 merfolk aquamancers
  58 two-headed ogres
  9 merfolk avatars
  2 alligators (Depths:1)
  2 death knights (Zot:1)
  15 centaur warriors
  31 dancing weapons
  An alligator snapping turtle (shapeshifter) (D:15)
  7 death yaks
  2 tengu warriors
  A hell hog (Abyss:5)
  Urug (D:14)
  3 satyrs
  11 vampire magi
  19 anacondas
  32 thrashing horrors
  6 deep troll earth magi
  9 deep troll shamans
  20 naga sharpshooters
  9 shock serpents
  4 orc high priests
  Nergalle (Lair:3)
  12 hell knights
  A sun demon (Abyss:4)
  9 wretched stars
  3 soul eaters
  Sonja (Lair:3)
  29 deep elf knights
  9 skeletal warriors
  7 iron trolls
  6 salamander mystics
  3 sixfirhies
  3 shadow wraiths
  9 sea snakes
  2 swamp dragons (Depths:1)
  A spark wasp zombie (Depths:1)
  9 wizards
  4 shadow demons
  A flayed ghost (Vaults:4)
  5 spatial maelstroms
  2 cherubim (Abyss:5)
  2 unseen horrors
  17 ironbrand convokers
  A kraken simulacrum (Shoals:4)
  39 starcursed masses
  24 deep trolls
  15 naga ritualists
  8 glowing orange brains
  15 necromancers
  A phantasmal warrior (Abyss:4)
  4 wolf spiders
  An orb spider (shapeshifter) (Abyss:4)
  2 orb spiders
  7 orc sorcerers
  17 harpies
  A lindwurm (Lair:6)
  14 deep elf archers
  12 cyclopes
  18 manticores
  2 wolf spider zombies
  2 human zombies
  5 worldbinders
  13 orc knights
  21 moths of wrath
  11 fauns
  83 deep elf magi
  48 ugly things
  12 mana vipers
  9 salamanders
  10 elephants
  A rust devil (Abyss:4)
  4 human skeletons
  10 merfolk sirens
  42 black mambas
  23 guardian serpents
  21 naga magi
  3 apocalypse crabs
  5 vault sentinels
  A molten gargoyle (Desolation)
  2 orange demons
  An eye of devastation (shapeshifter) (Vaults:2)
  11 smoke demons
  21 spiny frogs
  6 centaur skeletons
  4 rime drakes
  3 water nymphs
  A water nymph (shapeshifter) (Depths:5)
  2 yaktaur zombies (Vaults:1)
  A gargoyle (Depths:2)
  A spiny frog (shapeshifter) (Depths:2)
  5 kobold demonologists
  5 efreet
  38 yaktaurs
  11 komodo dragons
  A komodo dragon (shapeshifter) (D:15)
  2 demonic crawlers
  A tormentor (Abyss:5)
  3 hellwings
  5 anaconda simulacra (IceCv)
  6 tengu conjurers
  11 ancient zymes
  8 freezing wraiths
  2 red devils (Depths:5)
  7 ice devils
  2 golden dragon simulacra (IceCv)
  2 harpy zombies (Zot:1)
  6 wind drakes (Shoals:4)
  31 merfolk
  8 trolls
  A wolf spider simulacrum (IceCv)
  7 hornets
  A jumping spider (shapeshifter) (D:13)
  A wind drake (shapeshifter) (D:15)
  8 polar bears
  35 large abominations
  A jumping spider (Vaults:2)
  25 raiju
  A stone giant simulacrum (Depths:1)
  3 dream sheep (Shoals:3)
  74 saltlings (Desolation)
  17 slime creatures
  18 small abominations
  19 blink frogs
  A hippogriff (shapeshifter) (Depths:5)
  10 snapping turtles
  A fire giant simulacrum (Vaults:1)
  17 hippogriffs
  10 flying skulls
  5 shadows
  A redback (Vaults:2)
  A redback (shapeshifter) (Depths:3)
  A spriggan (Depths:5)
  3 air elementals
  An ettin skeleton (Vaults:3)
  54 yaks
  5 ynoxinuls
  25 water elementals
  A dire elephant simulacrum (IceCv)
  2 vampires (Depths:2)
  A basilisk (shapeshifter) (Vaults:1)
  A wyvern (D:13)
  4 fire elementals
  4 fire bats
  A golden eye (shapeshifter) (Depths:2)
  8 golden eyes (Abyss:4)
  An elf skeleton (Depths:1)
  6 wraiths
  2 basilisks (Lair:2)
  3 humans (Depths:2)
  A steam dragon (D:11)
  A hungry ghost (D:6)
  5 chaos spawn
  A death yak simulacrum (IceCv)
  8 spatial vortices
  15 vampire mosquitoes
  10 neqoxecs
  4 harpy simulacra (IceCv)
  5 swamp worms (Depths:1)
  7 wargs
  49 nagas
  11 insubstantial wisps
  2 iron troll simulacra (IceCv)
  A soldier ant (shapeshifter) (Depths:1)
  A soldier ant (D:14)
  17 water moccasins
  A hydra simulacrum (IceCv)
  A swamp worm (shapeshifter) (Depths:3)
  2 acid dragons
  A merfolk skeleton (Abyss:3)
  7 porcupines
  6 hell hounds
  A floating eye (Depths:2)
  A swamp drake (Lair:5)
  4 hornet zombies
  6 sky beasts
  A black bear (shapeshifter) (Elf:3)
  20 orc warriors
  5 black bears
  3 eyes of draining
  6 ice beasts
  An alligator simulacrum (IceCv)
  2 phantoms
  18 wolves
  25 boggarts
  71 ogres
  36 centaurs
  15 crocodiles
  8 big kobolds
  A big kobold (shapeshifter) (Vaults:1)
  A gnoll sergeant (D:8)
  19 bullfrogs
  A water moccasin zombie (D:12)
  2 spectral wargs (Depths:2)
  5 earth elementals
  A wyvern skeleton (D:8)
  A wyvern zombie (D:14)
  An elephant simulacrum (IceCv)
  4 scorpions
  8 wights
  2 electric eels (Lair:5)
  5 howler monkeys
  6 crimson imps
  4 centaur zombies
  2 bullfrog zombies
  2 quasits
  3 draconian simulacra (IceCv)
  4 jellies
  14 orc priests
  7 hounds
  3 bullfrog skeletons
  3 iron imps
  22 orc wizards
  9 worker ants
  Natasha (thrice) (D:2)
  10 iguanas
  A troll simulacrum (IceCv)
  A killer bee zombie (D:7)
  3 centaur simulacra (IceCv)
  3 worker ant zombies
  A howler monkey zombie (D:11)
  4 gnolls (D:8)
  8 adders
  A naga simulacrum (IceCv)
  An ogre simulacrum (IceCv)
  11 shadow imps
  7 white imps
  7 ufetubi
  4 oozes (Lair:6)
  An adder zombie (D:9)
  An adder skeleton (D:4)
  4 worms
  A worm (shapeshifter) (Vaults:1)
  A dart slug (D:2)
  7 leopard geckos
  70 orcs
  4 bats
  4 giant cockroaches
  6 goblins
  10 hobgoblins
  15 jackals
  20 kobolds
  6 quokkas
  A ball python (D:6)
  A frilled lizard (D:3)
  A quokka skeleton (D:5)
  6 rats
  A butterfly (Zot:1)
  3 lurking horrors (Abyss:4)
  3 pillars of salt (Elf:2)
  A plant (Lair:5)
  12 starspawn tentacles
  2 tentacles
2760 creatures vanquished.

Vanquished Creatures (collateral kills)
  A bone dragon (Abyss:5)
  2 ragged hierophants (Desolation)
  A servant of whispers (Desolation)
  A hydra (Lair:1)
  An anaconda (Snake:2)
  2 death yaks (Lair:3)
  A soul eater (Zot:5)
  A sun demon (Abyss:4)
  A naga ritualist (Snake:2)
  2 mana vipers (Snake:2)
  2 ugly things (D:12)
  An apocalypse crab (Abyss:4)
  A black mamba (Snake:2)
  A rust devil (Zot:5)
  2 smoke demons (Abyss:4)
  A naga mage (Snake:2)
  A freezing wraith (Abyss:4)
  A kobold demonologist (D:15)
  2 komodo dragons (Lair:1)
  5 saltlings (Desolation)
  3 raiju (Abyss:4)
  A flying skull (Abyss:4)
  A ynoxinul (Abyss:4)
  A chaos spawn (Zot:5)
  2 insubstantial wisps (Abyss:4)
  2 nagas (Snake:2)
  A water moccasin (D:12)
  2 centaurs (D:15)
  A big kobold (D:12)
  2 starcursed masses (Abyss:4)
  An iguana (Lair:1)
  2 kobolds (D:15)
49 creatures vanquished.

Vanquished Creatures (others)
  An ancient lich (Zot:5)
  A deep elf master archer (Elf:3)
  A draconian monk (Zot:1)
  A draconian knight (Zot:1)
  A stone giant (Vaults:3)
  A green draconian (Zot:1)
  A hydra (Lair:6)
  A deep troll earth mage (Depths:3)
  A thrashing horror (Abyss:4)
  A soul eater (Depths:5)
  2 moths of wrath (Zot:5)
  A red devil (Zot:5)
  A saltling (Desolation)
  2 starcursed masses (Abyss:4)
  A wyvern (Lair:6)
  2 golden eyes (Abyss:4)
  A vampire mosquito (Depths:1)
  2 boggarts
  A centaur (Depths:2)
  A crocodile (Lair:6)
  2 small abominations (Abyss:4)
  An orc wizard (D:5)
  2 white imps
  6 bushes
  14 fungi
  A lurking horror (Abyss:3)
  36 plants
  18 starspawn tentacles
  12 tentacles
116 creatures vanquished.

Grand Total: 2925 creatures vanquished

Notes
Turn   | Place    | Note
-------+----------+-------------------------------------------
     0 | D:1      | AlphabetPasta the Barachian Berserker began the quest for the Orb.
     0 | D:1      | Reached XP level 1. HP: 18/18 MP: 1/1
    95 | D:1      | Reached XP level 2. HP: 21/24 MP: 2/2
   360 | D:2      | Found a sparkling altar of Nemelex Xobeh.
   406 | D:2      | Found an iron altar of Okawaru.
   420 | D:2      | Found a glowing silver altar of Zin.
   427 | D:2      | Found a white marble altar of Elyvilon.
   522 | D:2      | Reached ** piety under Trog
   526 | D:2      | Reached XP level 3. HP: 23/29 MP: 3/3
   673 | D:2      | Found a bloodstained altar of Trog.
   930 | D:2      | Noticed Natasha
   940 | D:2      | Killed Natasha
   940 | D:2      | Reached XP level 4. HP: 19/37 MP: 4/4
  1207 | D:2      | Noticed Natasha
  1214 | D:2      | Killed Natasha
  1286 | D:2      | Noticed Natasha
  1295 | D:2      | Killed Natasha
  1501 | D:3      | Reached XP level 5. HP: 36/42 MP: 5/5
  1621 | D:3      | Reached skill level 3 in Armour
  1895 | D:3      | Reached skill level 5 in Long Blades
  2140 | D:4      | Reached XP level 6. HP: 34/48 MP: 6/6
  2378 | D:4      | Noticed a phantom
  2452 | D:4      | Killed a phantom
  2788 | D:5      | Entered Level 5 of the Dungeon
  2889 | D:5      | Reached XP level 7. HP: 46/55 MP: 7/7
  3054 | D:5      | Reached skill level 5 in Fighting
  3054 | D:5      | Reached skill level 4 in Armour
  3286 | D:5      | Reached *** piety under Trog
  3832 | D:5      | Reached XP level 8. HP: 22/62 MP: 8/8
  4398 | D:6      | Reached skill level 5 in Armour
  4862 | D:6      | Reached skill level 5 in Dodging
  5351 | D:6      | Reached XP level 9. HP: 67/70 MP: 9/9
  5380 | D:6      | Found Kejom's Assorted Antiques.
  5593 | D:6      | Bought a scroll of identify for 58 gold pieces
  5593 | D:6      | Bought a silvery potion for 26 gold pieces
  5593 | D:6      | Bought a scroll of identify for 58 gold pieces
  5593 | D:6      | Bought a pair of boots for 130 gold pieces
  6212 | D:7      | Found a staircase to the Ecumenical Temple.
  6277 | D:7      | Reached skill level 6 in Armour
  6357 | D:7      | Found a snail-covered altar of Cheibriados.
  6426 | D:6      | Reached **** piety under Trog
  7139 | D:8      | Reached skill level 1 in Evocations
  7157 | D:8      | Reached skill level 10 in Long Blades
  7220 | D:8      | Identified a scroll of acquirement
  7308 | D:8      | Reached XP level 10. HP: 33/79 MP: 11/11
  7743 | D:8      | Reached skill level 7 in Armour
  8267 | D:9      | Noticed a two-headed ogre
  8295 | D:9      | Killed a two-headed ogre
  8467 | D:9      | Found a burning altar of Makhleb.
  8720 | D:9      | Found a blossoming altar of Fedhas.
  8795 | D:9      | Found a shadowy altar of Dithmenos.
  8796 | D:9      | Found an ornate altar of the Wu Jian Council.
  8820 | D:9      | Found a sacrificial altar of Ru.
  8820 | D:9      | Found a stormy altar of Qazlal.
  8870 | D:9      | Identified the Grimoire of the First Moons
  9385 | D:10     | Entered Level 10 of the Dungeon
  9556 | D:10     | Reached skill level 10 in Fighting
  9592 | D:10     | Found a shimmering altar of Xom.
  9649 | D:10     | Reached ***** piety under Trog
  9740 | D:9      | Found a shimmering altar of Xom.
  9827 | D:11     | Found a staircase to the Lair.
  9828 | D:11     | Noticed a two-headed ogre
  9845 | D:11     | Killed a two-headed ogre
  9845 | D:11     | Reached XP level 11. HP: 92/92 MP: 12/14
 10247 | D:11     | Reached skill level 8 in Armour
 11141 | D:12     | Found a staircase to the Orcish Mines.
 11375 | D:12     | Noticed a manticore
 11393 | D:12     | Killed a manticore
 11721 | D:12     | Noticed a cyan ugly thing
 11723 | D:12     | Noticed a white ugly thing
 11725 | D:12     | Killed a white ugly thing
 11726 | D:12     | Killed a white ugly thing
 11787 | D:12     | Noticed a two-headed ogre
 11798 | D:12     | Killed a two-headed ogre
 11798 | D:12     | Reached skill level 5 in Evocations
 11895 | D:12     | Received a gift from Trog
 12110 | Lair:1   | Entered Level 1 of the Lair of Beasts
 12253 | Lair:1   | Noticed a six-headed hydra
 12265 | Lair:1   | Killed a six-headed hydra
 12278 | Lair:1   | Reached XP level 12. HP: 49/103 MP: 16/16
 13873 | Lair:1   | Reached skill level 9 in Armour
 14710 | Lair:2   | Found a staircase to the Snake Pit.
 15914 | Lair:3   | Noticed a death yak
 15914 | Lair:3   | Noticed a death yak
 15915 | Lair:3   | Noticed a death yak
 15915 | Lair:3   | Noticed a death yak
 15924 | Lair:3   | Killed a death yak
 15930 | Lair:3   | Killed a death yak
 15935 | Lair:3   | Killed a death yak
 15935 | Lair:3   | Gained mutation: You can hop longer distances. [Barachian growth]
 15935 | Lair:3   | Reached XP level 13. HP: 104/114 MP: 18/18
 16073 | Lair:3   | Noticed Sonja
 16206 | Lair:2   | HP: 5/114 [poisoned by a spiny frog]
 16211 | Lair:2   | HP: 5/114 [poisoned by a spiny frog]
 16216 | Lair:2   | HP: 4/114 [poisoned by a spiny frog]
 16224 | Lair:2   | HP: 5/114 [poisoned by a spiny frog]
 16995 | Lair:3   | Noticed Nergalle
 17010 | Lair:3   | Killed Nergalle
 17116 | Lair:3   | You fall through a shaft!
 17484 | Lair:3   | Killed Sonja
 17714 | Lair:3   | Reached skill level 10 in Armour
 18329 | Lair:4   | Got a pitted trident
 18330 | Lair:4   | Identified the cursed +0 trident "Istybops" {protect, Str+3 Int+2 Dex-4} (You found it on level 4 of the Lair of Beasts)
 18459 | Lair:4   | Found a staircase to the Shoals.
 19057 | Lair:4   | Reached skill level 15 in Long Blades
 19057 | Lair:4   | Reached skill level 11 in Armour
 19057 | Lair:4   | Reached skill level 10 in Dodging
 19057 | Lair:4   | Upgraded the game from 0.20-a0-767-g3afde5b to 0.20-a0-770-g8c33442
 19874 | Lair:6   | Entered Level 6 of the Lair of Beasts
 19979 | Lair:6   | Found a shimmering altar of Xom.
 20182 | Lair:6   | Reached XP level 14. HP: 84/125 MP: 20/20
 21311 | Lair:6   | Found a staircase to the Slime Pits.
 21435 | Lair:6   | Received a gift from Trog
 22060 | Lair:6   | Reached skill level 12 in Armour
 22414 | Lair:6   | Got a warped jade ring
 22415 | Lair:6   | Identified the ring of Xatemeq {MP+9 Dex+4} (You found it on level 6 of the Lair of Beasts)
 22596 | Orc:1    | Entered Level 1 of the Orcish Mines
 22974 | Orc:1    | Found a dark tunnel.
 22985 | Volcano  | Entered a volcano
 23296 | Volcano  | Noticed a red draconian
 23306 | Volcano  | Killed a red draconian
 23306 | Volcano  | Reached skill level 1 in Crossbows
 23460 | Orc:1    | Noticed Snorg
 23469 | Orc:1    | Killed Snorg
 23612 | Orc:2    | Entered Level 2 of the Orcish Mines
 23628 | Orc:2    | Found Waecajepn's Gadget Shop.
 23675 | Orc:1    | Reached XP level 15. HP: 78/133 MP: 10/22
 23738 | Orc:2    | Received a gift from Trog
 24210 | Orc:2    | Received a gift from Trog
 24216 | Orc:2    | Found Yvyo's Antique Weapon Shop.
 24216 | Orc:2    | Found Kuchex's Magic Scroll Shoppe.
 24218 | Orc:2    | Found Essukom's Antique Armour Shoppe.
 24218 | Orc:2    | Found Opnytouf's Distillery.
 24266 | Orc:2    | Bought a potion of heal wounds for 85 gold pieces
 24266 | Orc:2    | Bought a potion of heal wounds for 85 gold pieces
 24266 | Orc:2    | Bought a potion of flight for 51 gold pieces
 24267 | Orc:2    | Bought a scroll of teleportation for 51 gold pieces
 24267 | Orc:2    | Bought a scroll of identify for 34 gold pieces
 24269 | Orc:2    | Bought a cloak for 103 gold pieces
 24269 | Orc:2    | Bought a runed helmet for 172 gold pieces
 24357 | Orc:2    | Found a staircase to the Elven Halls.
 24486 | Orc:2    | Reached skill level 5 in Crossbows
 24572 | Orc:2    | Received a gift from Trog
 24685 | D:13     | Found a shadowy altar of Dithmenos.
 24720 | D:13     | Noticed Azrael
 24738 | D:13     | Killed Azrael
 24749 | D:13     | Reached skill level 13 in Armour
 25138 | D:13     | Received a gift from Trog
 25837 | D:13     | Found a gate to the Vaults.
 26156 | D:13     | Identified Eboll's Handbook of Companions and Transmigration
 26172 | D:13     | Identified the Incunabulum of the Birds
 26187 | D:13     | Paralysed by an orc sorcerer for 3 turns
 26200 | D:13     | Found a deep blue altar of Sif Muna.
 26445 | D:13     | Reached XP level 16. HP: 120/141 MP: 10/23
 26462 | D:13     | Identified the Collected Works on Fire and Toxins
 26465 | D:13     | Identified Qiel's Incunabulum of the Enchanting Snowflakes
 26488 | D:13     | Identified the Volume of the Birds and Poisoning
 26496 | D:13     | Received a gift from Trog
 26549 | D:13     | Identified the Papyrus of Aerial Dislocation
 27067 | D:14     | Noticed Urug
 27083 | D:14     | Killed Urug
 27122 | D:14     | Got a smoking helmet
 27133 | D:14     | Identified the +0 helmet "Soemigga" {Dex+2} (You acquired it on level 14 of the Dungeon)
 27305 | D:14     | Found Peustu's Quality Used Wands.
 27334 | D:14     | Noticed Nessos
 27348 | D:14     | Killed Nessos
 27457 | D:14     | Bought a wand of scattershot (0/9) for 192 gold pieces
 28529 | D:15     | Entered Level 15 of the Dungeon
 28563 | D:15     | Found a labyrinth entrance.
 28586 | Lab      | Entered a labyrinth
 28805 | Lab      | Received a gift from Trog
 28821 | Lab      | Got a faintly glowing flail
 28958 | D:15     | Found a portal to a secret trove of treasure.
 29171 | D:15     | Reached skill level 10 in Crossbows
 29305 | D:15     | Reached skill level 14 in Armour
 29989 | D:15     | Noticed a shadow dragon
 29996 | D:15     | Noticed a sphinx
 29996 | D:15     | a shadow dragon changed into a sphinx
 29998 | D:15     | a sphinx changed into an alligator snapping turtle
 30001 | D:15     | Received a gift from Trog
 30008 | D:15     | Found a staircase to the Depths.
 30276 | D:15     | Noticed Rupert
 30291 | D:15     | Killed Rupert
 30423 | D:15     | Got a coiled lead ring
 30425 | D:15     | Identified the ring "Madiwkec" {MP+9 Str+2 Int+3} (You found it on level 15 of the Dungeon)
 30890 | Elf:1    | Entered Level 1 of the Elven Halls
 31715 | Elf:1    | Got a faintly glowing triple sword
 31839 | Elf:1    | Identified the +3 triple sword of Valour {freeze, MR+ Dex+4 Stlth+} (You found it on level 1 of the Elven Halls)
 31873 | Elf:1    | Received a gift from Trog
 31873 | Elf:1    | Reached XP level 17. HP: 149/149 MP: 11/24
 32093 | Elf:1    | Found Geirirch's General Store.
 32102 | Elf:1    | Found Oreemias's Magic Scroll Boutique.
 32276 | Elf:1    | Bought a scroll of identify for 40 gold pieces
 33199 | Elf:1    | Found Fan Piod's Assorted Antiques.
 33212 | Elf:1    | Received a gift from Trog
 33252 | Elf:1    | Bought a glowing ruby ring for 190 gold pieces
 33371 | Elf:1    | Found Ejoapn's Armour Boutique.
 33375 | Elf:1    | Found Ivysk's Weapon Shoppe.
 33528 | Elf:1    | Bought a +3 ring mail of poison resistance for 368 gold pieces
 33735 | Snake:1  | Entered Level 1 of the Snake Pit
 34745 | Snake:1  | Received a gift from Trog
 35086 | Snake:1  | Noticed Aizul
 35142 | Snake:1  | Killed Aizul
 35174 | Snake:1  | Reached skill level 15 in Armour
 35177 | Snake:1  | Received a gift from Trog
 35524 | Snake:2  | Received a gift from Trog
 35528 | Snake:2  | Got a scorched great sword {god gift}
 35529 | Snake:2  | Identified the +9 great sword of Desperation {slice, *Rage rN+ Dex+4} (Trog gifted it to you on level 2 of the Snake Pit)
 35539 | Snake:2  | Noticed Caerwyn's ghost (adept VSTm)
 35565 | Snake:2  | HP: 5/151 [Caerwyn's ghost (8)]
 35568 | Snake:2  | Killed Caerwyn's ghost
 35682 | Snake:2  | Found a frozen archway.
 35689 | IceCv    | Entered an ice cave
 36328 | IceCv    | Noticed an Ice Fiend
 36342 | IceCv    | Reached XP level 18. HP: 134/158 MP: 25/25
 36824 | IceCv    | Killed an Ice Fiend
 37121 | Snake:2  | Received a gift from Trog
 37143 | Snake:2  | Reached skill level 15 in Crossbows
 37806 | Snake:2  | Received a gift from Trog
 38574 | Snake:3  | Noticed Jorgrun
 38590 | Snake:2  | Killed Jorgrun
 38913 | Snake:2  | Received a gift from Trog
 39543 | Shoals:1 | Entered Level 1 of the Shoals
 40584 | Shoals:2 | Received a gift from Trog
 41263 | Shoals:3 | Received a gift from Trog
 41716 | Shoals:3 | Noticed Nikola
 41746 | Shoals:3 | Reached XP level 19. HP: 74/167 MP: 10/26
 42054 | Shoals:3 | Killed Nikola
 42122 | Shoals:3 | Received a gift from Trog
 42160 | Shoals:3 | Reached skill level 16 in Armour
 42335 | Shoals:3 | Reached skill level 15 in Dodging
 42784 | Shoals:4 | Entered Level 4 of the Shoals
 42796 | Shoals:4 | Reached ****** piety under Trog
 43000 | Shoals:4 | Received a gift from Trog
 43001 | Shoals:4 | Noticed Ilsuiw
 43541 | Shoals:4 | Killed Ilsuiw
 43855 | Shoals:4 | Received a gift from Trog
 44688 | Shoals:4 | Got a barnacled rune of Zot
 45268 | Snake:3  | Noticed Vashnia
 45323 | Snake:3  | Killed Vashnia
 45323 | Snake:3  | Received a gift from Trog
 45728 | Snake:4  | Entered Level 4 of the Snake Pit
 45821 | Snake:3  | Upgraded the game from 0.20-a0-770-g8c33442 to 0.20-a0-786-g355e369
 45850 | Snake:4  | Reached XP level 20. HP: 162/176 MP: 9/27
 46679 | Snake:4  | Reached skill level 17 in Armour
 46705 | Snake:4  | Received a gift from Trog
 47107 | Snake:4  | Received a gift from Trog
 47206 | Snake:4  | Got a serpentine rune of Zot
 47560 | Vaults:1 | Entered Level 1 of the Vaults
 47779 | Vaults:1 | Found Tuudih's Antique Armour Boutique.
 47950 | Vaults:1 | Received a gift from Trog
 48024 | Vaults:1 | Paralysed by a wizard for 6 turns
 48554 | Vaults:1 | Reached XP level 21. HP: 183/183 MP: 9/28
 48764 | Vaults:1 | Received a gift from Trog
 49600 | Vaults:2 | Noticed Margery
 49652 | Vaults:2 | Killed Margery
 49962 | Vaults:2 | Received a gift from Trog
 50451 | Vaults:2 | Reached skill level 18 in Armour
 50615 | Vaults:2 | Paralysed by a wizard for 3 turns
 50832 | Vaults:2 | Paralysed by a great orb of eyes for 4 turns
 50897 | Vaults:2 | Found a staircase to the Crypt.
 51239 | Vaults:3 | Received a gift from Trog
 51332 | Vaults:3 | Received a gift from Trog
 51459 | Vaults:3 | Received a gift from Trog
 51659 | Vaults:3 | Reached XP level 22. HP: 181/192 MP: 18/29
 51737 | Vaults:3 | HP: 7/192 [vault guard/battleaxe of electrocution[a vault warden] (18)]
 52278 | Vaults:3 | Paralysed by an orc sorcerer for 2 turns
 52898 | Vaults:4 | Received a gift from Trog
 53133 | Vaults:4 | Received a gift from Trog
 53215 | Vaults:4 | Received a gift from Trog
 53808 | Vaults:4 | Received a gift from Trog
 54252 | Elf:1    | Upgraded the game from 0.20-a0-786-g355e369 to 0.20-a0-791-gf6451d4
 54305 | Elf:2    | Found a ruined gateway.
 54308 | Elf:2    | Noticed Agnes
 54315 | Elf:2    | Killed Agnes
 54408 | Desolati | Entered the Desolation of Salt
 54414 | Desolati | Received a gift from Trog
 54519 | Desolati | Received a gift from Trog
 54662 | Desolati | Got a crude crystal amulet
 54664 | Desolati | Got a wavering granite ring
 54665 | Desolati | Identified the Guide on Helpful Intoxication
 54671 | Desolati | Identified the Reference Book on the Snowflakes and Poison
 54714 | Desolati | Received a gift from Trog
 54833 | Desolati | Reached skill level 19 in Armour
 54956 | Desolati | Received a gift from Trog
 55105 | Desolati | Reached XP level 23. HP: 66/201 MP: 4/30
 55131 | Desolati | Received a gift from Trog
 55599 | Desolati | Got a steaming ruby amulet
 55656 | Elf:2    | Identified the amulet of Midwinter {Spirit rC+ MR+} (You found it in the Desolation of Salt)
 55657 | Elf:2    | Identified the amulet "Bosuix" {Harm *Drain rF+ Str+4} (You found it in the Desolation of Salt)
 55659 | Elf:2    | Identified the ring of Moodiness {+Inv rC+ rN+ EV+3 Int-2} (You found it in the Desolation of Salt)
 55937 | Elf:2    | Reached skill level 10 in Evocations
 55959 | Elf:2    | Found a runed gate.
 55961 | Elf:2    | Found a runed gate.
 55965 | Elf:2    | Found a runed gate.
 56142 | Elf:2    | Received a gift from Trog
 56584 | Elf:3    | Entered Level 3 of the Elven Halls
 56889 | Elf:3    | Received a gift from Trog
 57729 | Elf:3    | Received a gift from Trog
 57956 | Elf:3    | Identified the ring "Vuytzenk" {Fire +Blink rPois MR+ Stlth+} (You took it off a deep elf mage on level 3 of the Elven Halls)
 57964 | Elf:3    | Received a gift from Trog
 57990 | Elf:3    | Got a pair of spiked gloves
 58001 | Elf:3    | Identified the +1 pair of gloves "Laloup" {Regen+ Str+2 Dex-4} (You found it on level 3 of the Elven Halls)
 58043 | Elf:3    | Got a heavily runed emerald amulet
 58044 | Elf:3    | Identified the amulet of Finality {RegenMP Int+6 Dex-5} (You took it off a deep elf mage on level 3 of the Elven Halls)
 58055 | Elf:3    | Got a sparkling lead ring
 58146 | Elf:3    | Got a sparkling marble ring
 58325 | Elf:3    | Identified the ring of Temptation {rF+ Str+3 Int+6} (You took it off a deep elf knight on level 3 of the Elven Halls)
 58326 | Elf:3    | Identified the ring of Wouzon {Fire *Corrode +Blink Int+5 Dex+4} (You took it off a deep elf mage on level 3 of the Elven Halls)
 58622 | Depths:1 | Entered Level 1 of the Depths
 58657 | D:15     | Received a gift from Trog
 58666 | D:15     | Got a dazzling arbalest {god gift}
 58667 | D:15     | Identified the +3 arbalest "Taigg" {venom, Str+3 Int+3} (Trog gifted it to you on level 15 of the Dungeon)
 58934 | Depths:1 | Reached XP level 24. HP: 181/210 MP: 10/31
 59134 | Depths:1 | Reached skill level 20 in Armour
 59462 | Depths:1 | Found a gateway to Hell.
 59781 | Depths:1 | Found a deep blue altar of Sif Muna.
 59862 | Depths:1 | Got a faintly glowing platinum amulet
 60340 | Depths:1 | Received a gift from Trog
 60344 | Depths:1 | Identified the amulet "Tuaggaexta" {RegenMP Slay+5} (You took it off a vampire mage on level 1 of the Depths)
 60405 | Depths:2 | Noticed Bai Suzhen
 60416 | Depths:2 | Paralysed by a floating eye for 4 turns
 60423 | Depths:2 | Killed Bai Suzhen
 60423 | Depths:2 | Reached skill level 21 in Armour
 60662 | Depths:2 | Received a gift from Trog
 61279 | Depths:2 | Received a gift from Trog
 61403 | Depths:2 | Found a deep blue altar of Sif Muna.
 61495 | Depths:2 | Received a gift from Trog
 61595 | Depths:2 | Reached skill level 22 in Armour
 61710 | Depths:2 | Found an ancient bone altar of Kikubaaqudgha.
 61797 | Depths:2 | Received a gift from Trog
 61909 | Depths:2 | Found Kuihygos's Slaves and Accessories.
 62017 | Depths:2 | Found The Legendary Aruer's Legendary Smithy.
 62056 | Depths:2 | Found Jack's Jerk-a-riffic Jerky.
 62123 | Depths:2 | Found Etifer's Miraculous Elixirs.
 62129 | Depths:2 | Reached XP level 25. HP: 208/219 MP: 10/31
 62546 | Depths:3 | Received a gift from Trog
 62676 | Depths:3 | Reached skill level 23 in Armour
 62982 | Depths:3 | Found a one-way gate to the infinite horrors of the Abyss.
 63308 | Depths:3 | Found a one-way gate leading to the halls of Pandemonium.
 63483 | Depths:4 | Received a gift from Trog
 63625 | Depths:4 | Found a gateway to a ziggurat.
 64210 | Depths:4 | Found a glowing golden altar of the Shining One.
 64221 | Depths:4 | Identified the Grimoire of Lightness
 64481 | Depths:5 | Entered Level 5 of the Depths
 64493 | Depths:5 | Reached skill level 24 in Armour
 64495 | Depths:5 | Received a gift from Trog
 64565 | Depths:5 | Found a magical portal.
 64582 | WizLab   | Entered Iskenderun's Mystic Tower
 64664 | WizLab   | Received a gift from Trog
 64679 | WizLab   | Got a jewelled hand crossbow {god gift}
 64814 | WizLab   | Reached XP level 26. HP: 179/228 MP: 31/31
 65145 | WizLab   | Identified Iskenderun's Guide on Conjuration
 65145 | WizLab   | Identified Iskenderun's Compendium of Conjuration
 65506 | WizLab   | Identified the +9 hand crossbow "Jummyrch" {flame, *Drain +Fly Int+7} (Trog gifted it to you in a wizard's laboratory)
 65541 | Depths:5 | Noticed Boris
 65562 | Depths:5 | Killed Boris
 65913 | Depths:5 | Found a gate to the Realm of Zot.
 66268 | Depths:5 | Received a gift from Trog
 66735 | Depths:4 | Voluntarily entered the Abyss.
 66735 | Abyss:1  | Found a corrupted altar of Lugonu.
 66912 | Abyss:2  | Received a gift from Trog
 67317 | Abyss:3  | Found a corrupted altar of Lugonu.
 67319 | Abyss:3  | Found a sacrificial altar of Ru.
 67358 | Abyss:3  | Found a corrupted altar of Lugonu.
 67359 | Abyss:3  | Found a sacrificial altar of Ru.
 67723 | Abyss:3  | Received a gift from Trog
 67766 | Abyss:3  | Gained mutation: Your magical capacity is low. (-10% MP) [a neqoxec]
 67825 | Abyss:3  | Gained mutation: Scrolls take you a little longer to read. [a neqoxec]
 68323 | Abyss:4  | Found a corrupted altar of Lugonu.
 68325 | Abyss:4  | Noticed an ancient lich
 68350 | Abyss:4  | Killed an ancient lich
 68472 | Abyss:4  | Received a gift from Trog
 68571 | Abyss:4  | Reached XP level 27. HP: 228/237 MP: 8/29
 68687 | Abyss:4  | Paralysed by accursed screaming for 1 turns
 68719 | Abyss:4  | Received a gift from Trog
 68915 | Abyss:4  | Reached skill level 25 in Armour
 68931 | Abyss:4  | Gained mutation: Scrolls take you longer to read. [a neqoxec]
 69179 | Abyss:4  | Found a shimmering altar of Xom.
 69179 | Abyss:4  | Found a shimmering altar of Xom.
 69185 | Abyss:4  | Found a shimmering altar of Xom.
 69185 | Abyss:4  | Found a shimmering altar of Xom.
 69185 | Abyss:4  | Found a shimmering altar of Xom.
 69186 | Abyss:4  | Found a shimmering altar of Xom.
 69186 | Abyss:4  | Found a corrupted altar of Lugonu.
 69186 | Abyss:4  | Found a shimmering altar of Xom.
 69186 | Abyss:4  | Found a shimmering altar of Xom.
 69186 | Abyss:4  | Found a shimmering altar of Xom.
 69187 | Abyss:4  | Found a shimmering altar of Xom.
 69187 | Abyss:4  | Found a shimmering altar of Xom.
 69187 | Abyss:4  | Found a shimmering altar of Xom.
 69211 | Abyss:4  | Found a shimmering altar of Xom.
 69211 | Abyss:4  | Found a corrupted altar of Lugonu.
 69308 | Abyss:4  | Received a gift from Trog
 69416 | Abyss:5  | Entered Level 5 of the Abyss
 69551 | Abyss:5  | Found a glowing golden altar of the Shining One.
 69581 | Abyss:5  | Received a gift from Trog
 69594 | Abyss:5  | Noticed a juggernaut
 69600 | Abyss:5  | Killed a juggernaut
 69613 | Abyss:5  | Got an abyssal rune of Zot
 69631 | Abyss:5  | Paralysed by accursed screaming for 1 turns
 69634 | Abyss:5  | Found a glowing golden altar of the Shining One.
 69645 | Depths:4 | Escaped the Abyss
 69782 | D:14     | Lost mutation: Your magical capacity is low. (-10% MP) [potion of mutation]
 69782 | D:14     | Lost mutation: Scrolls take you longer to read. [potion of mutation]
 69782 | D:14     | Gained mutation: Your muscles are strong. (Str +2) [potion of mutation]
 69782 | D:14     | Gained mutation: You evolve. [potion of mutation]
 69782 | D:14     | Gained mutation: You can translocate small distances at will. [potion of mutation]
 69879 | Zot:1    | Entered Level 1 of the Realm of Zot
 70724 | Zot:1    | Gained mutation: You have large cloven feet. [evolution]
 70736 | Zot:1    | Received a gift from Trog
 71831 | Zot:1    | Received a gift from Trog
 72425 | Orc:2    | Bought a scroll of teleportation for 51 gold pieces
 72425 | Orc:2    | Bought a scroll of teleportation for 51 gold pieces
 72425 | Orc:2    | Bought a scroll of teleportation for 51 gold pieces
 72425 | Orc:2    | Bought a scroll of teleportation for 51 gold pieces
 72425 | Orc:2    | Bought a scroll of identify for 34 gold pieces
 72426 | Orc:2    | Bought a potion of invisibility for 136 gold pieces
 72596 | D:15     | You paid a toll of 20 scrolls of identify to enter a treasure trove
 72597 | Trove    | Entered a treasure trove
 72602 | Trove    | Got a shimmering jade ring
 72605 | Trove    | Got a glittering lead amulet
 72607 | Trove    | Got a flickering iron ring
 72610 | Trove    | Got a flickering tin ring
 72612 | Trove    | Got an ancient platinum ring
 72615 | Trove    | Got a fine bronze ring
 72617 | Trove    | Got a pitted jade ring
 72621 | Trove    | Got an ancient turquoise ring
 72623 | Trove    | Got a brightly glowing diamond amulet
 72636 | D:15     | Identified the amulet of Wahuleoj {rPois rN+ Regen+} (You found it in a treasure trove)
 72640 | D:15     | Identified the cursed ring "Teiskaocs" {rC++ AC-2} (You found it in a treasure trove)
 72642 | D:15     | Identified the amulet "Abiosum" {Regen+ Str-3 Int+10 Dex+4} (You found it in a treasure trove)
 72647 | D:15     | Identified the ring of Foolhardiness {rF+ Int+2} (You found it in a treasure trove)
 72649 | D:15     | Identified the ring "Boxzaodu" {*Drain rElec rC+ Dex+4 Stlth+} (You found it in a treasure trove)
 72653 | D:15     | Identified the ring of Omigg {rElec Int+4 Stlth+} (You found it in a treasure trove)
 72655 | D:15     | Identified the ring of Jil Zuf {Int+5 Dex+4 Slay+2} (You found it in a treasure trove)
 72657 | D:15     | Identified the ring of the Median {rCorr Dex+4} (You found it in a treasure trove)
 72659 | D:15     | Identified the ring of Taojot {*Slow rF+ rN+ Dex+2} (You found it in a treasure trove)
 74189 | Zot:5    | Entered Level 5 of the Realm of Zot
 74644 | Zot:5    | Received a gift from Trog
 74966 | Zot:5    | Received a gift from Trog
 74966 | Zot:5    | Reached skill level 26 in Armour
 75019 | Zot:5    | Noticed an ancient lich
 75025 | Zot:5    | Killed an ancient lich
 75032 | Zot:5    | Noticed an ancient lich
 75036 | Zot:5    | Killed an ancient lich
 75085 | Zot:5    | Noticed an ancient lich
 75089 | Zot:5    | Killed an ancient lich
 75124 | Zot:5    | Noticed an ancient lich
 75129 | Zot:5    | Killed an ancient lich
 75178 | Zot:5    | Noticed an ancient lich
 75190 | Zot:5    | Killed an ancient lich
 75190 | Zot:5    | Reached skill level 15 in Evocations
 75243 | Zot:5    | Noticed an ancient lich
 75251 | Zot:5    | Killed an ancient lich
 75272 | Zot:5    | Noticed an ancient lich
 75278 | Zot:5    | Killed an ancient lich
 75468 | Zot:5    | Noticed an orb of fire
 75468 | Zot:5    | Noticed an ancient lich
 75481 | Zot:5    | Killed an ancient lich
 75486 | Zot:5    | Noticed an orb of fire
 75493 | Zot:5    | Killed an orb of fire
 75503 | Zot:5    | Gained mutation: You do not regenerate when monsters are visible. [an orb of fire]
 75511 | Zot:5    | Killed an orb of fire
 75663 | Zot:5    | Noticed an ancient lich
 75670 | Zot:5    | Killed an ancient lich
 75755 | Zot:5    | Received a gift from Trog
 75984 | Zot:5    | Noticed an orb of fire
 75991 | Zot:5    | Gained mutation: You are clumsy. (Dex -2) [an orb of fire]
 76003 | Zot:5    | Killed an orb of fire
 76236 | Zot:5    | Got the Orb of Zot
 76250 | Zot:5    | Noticed Zocerr the pandemonium lord
 76255 | Zot:5    | Killed Zocerr the pandemonium lord
 76274 | Zot:5    | Gained mutation: You are partially covered in slimy green scales. (AC +2) [evolution]
 76332 | Zot:5    | Noticed a seraph
 76356 | Zot:5    | Killed a seraph
 76399 | Zot:5    | Noticed Amenk the pandemonium lord
 76412 | Zot:5    | Noticed an orb of fire
 76414 | Zot:5    | HP: 9/363 [death cob (16)]
 76415 | Zot:5    | HP: 3/363 [electric golem/bolt of lightning (5)]
 76415 | Zot:5    | Demolished by an infernal warmonger

Vault maps used:
D:1:      dpeg_arrival_orchard
D:2:      lightli_temple_of_fire, grunt_temple_overflow_open, uniq_natasha
D:5:      first_bread
D:6:      serial_shops, nicolae_shop_waterfront
D:7:      minmay_temple_entry_nine_rooms, basic_altar
D:9:      kennysheep_little_box, nicolae_overflow_hidden_temple,
          lemuel_doored_altar
D:10:     basic_altar
D:11:     david_lair_shrubbed, blue_anna_alchemist, nrook_mini_vaults
D:12:     orc_0_dummy
D:13:     evilmike_library_of_no_secrets, david_vaults_5,
          nicolae_dithmenos_through_a_glass_darkly, uniq_azrael
D:14:     nicolae_for_you_no_charge, uniq_nessos, uniq_urug
D:15:     gammafunk_enter_depths_forms, lab_entry_generic,
          nicolae_trove_entry_diagonal, kennysheep_two_boxes, uniq_rupert
Lair:1:   beast_lair_carwin_large_3, minmay_hedge_maze,
          grunt_forest_small_clearing_treed, grunt_megastairs_2
Lair:2:   dummy_snake_entry, infiniplex_staircase_pool_2, grunt_megastairs_5
Lair:3:   minivault_11, grunt_megastairs_3, uniq_nergalle, uniq_sonja
Lair:4:   elwin_shoals_entry_rocks
Lair:5:   grunt_forest_small_clearings, nicolae_quartered_pool_super, pond,
          lemuel_fruit_fields
Lair:6:   grunt_lair_end_beastmaster, nicolae_slime_entry_slimehenge,
          basic_altar, st_stairs_6, nicolae_lair_yak_garden
Shoals:1: cheibrodos_shoals_oceanic_diplomacy
Shoals:3: uniq_nikola
Shoals:4: shoals_end_grunt_ice, shoal_ilsuiw, nicolae_shoals_seven_spires
Snake:1:  uniq_aizul
Snake:2:  portal_ice_cave_entry_pillars_2
Snake:3:  uniq_vashnia, uniq_jorgrun
Snake:4:  grunt_snake_rune_serpentine_throne
Orc:1:    nicolae_volcano_entry_lava_flow, uniq_snorg
Orc:2:    st_orc_ogre_mass, serial_shops,
          nicolae_shop_temple_entry_statues_fountains, nicolae_orc_lava_room
Elf:1:    serial_shops, shop, shop, nicolae_shop_stone, shop,
          nicolae_shop_temple_entry_statues_fountains, evilmike_minifort
Elf:2:    portal_desolation_entry_garden, uniq_agnes
Elf:3:    minmay_elf_hall_statues
Vaults:1: v_rooms_4, vaults_dpeg_hooks, hangedman_vaults_nails,
          ontoclasm_vaults_loading_screen, ontoclasm_vaults_loading_screen,
          hangedman_vaults_stream, nicolae_vaults_murderbox,
          nicolae_vaults_triangles, v_alt_pattern_2, hangedman_vaults_capsules,
          vaults_room_door_ring, ontoclasm_vaults_ligature, serial_shops,
          nicolae_shop_window_shopping
Vaults:2: minmay_crypt_entry_simple_statues,
          nicolae_vaults_windows_and_doors_thing, vaults_dpeg_ring, v_misc_13,
          kb_rosetta, ontoclasm_vaults_idyll, nicolae_vaults_mini_display_case,
          vaults_dpeg_spiral, uniq_margery
Vaults:3: nicolae_vaults_puzzle_piece, ontoclasm_vaults_bender,
          vaults_dpeg_diagonal, hangedman_vaults_restitches, vaults_mumra_lcd,
          nicolae_vaults_little_ls, v_misc_22, hangedman_vaults_snaps,
          grunt_vaults_hallway_long, nicolae_vaults_ring_of_whatevers,
          vaults_room_pool, ontoclasm_vaults_chip
Vaults:4: nicolae_vaults_big_angled_halls, grunt_vaults_hallway_long,
          nicolae_vaults_stairing_the_circle, v_misc_18, v_misc_27,
          ontoclasm_vaults_hangar
Depths:1: onia_ninara_swampy_vault, abandoned_shop, hell_entry,
          hangedman_summoners_spam
Depths:2: grated_community_mu, hangedman_tar_grid_catacomb,
          serial_sigils_hangedman_clutch, uniq_bai_suzhen
Depths:3: minmay_fractal_lines_corner, hell_entry, kennysheep_pointless_box,
          abyss_entry_small_statue_room, grunt_pan_entry_sceptre
Depths:4: abrahamwl_protected_by_tso_3, enter_ziggurat_d, serial_bayou_pond_c,
          hell_entry, abyss_entry
Depths:5: grunt_zot_entry_funnels, hellmouth_1, serial_sigils_hangedman_gnaw,
          mu_enter_wizlab_3, rand_demon_pan_entry_8, uniq_boris
Zot:1:    hangedman_orp_of_zott, hangedman_zot_diagonal_lockstep,
          hangedman_zot_decor_unnerving_road
Zot:2:    grunt_ministairs_8, lemuel_baited_zot_trap
Zot:3:    hangedman_hellfire_club
Zot:5:    grunt_ministairs_14
Abyss:1:  evilmike_abyss_exit_8
Abyss:3:  evilmike_abyss_exit_12
Abyss:4:  hangedman_steaming_rock, hangedman_decor_lopped,
          evilmike_abyss_rune_elephants_shrine
Abyss:5:  hangedman_shadowy_showcase, evilmike_abyss_rune_tso_outpost,
          hangedman_abyss_shoalhut
Lab:      labyrinth_watery, nicolae_lab_lava, lab_statue, labyrinth_fake_exit
Trove:    trove_jewel_2
IceCv:    ice_cave_caverns_03
Volcano:  volcano_pools
WizLab:   wizlab_iskenderun

Skill      XL: |  1  2  3  4  5  6  7  8  9 10 11 12 13 14 15 16 17 18 19 20 21 22 23 24 25 26 27 |
---------------+----------------------------------------------------------------------------------+-----
Long Blades    | 4 5 6 7 8 10 11 12 13 16 17 18 19 20 21 22 23 24 25 | 25.9
Fighting       | 4 5 6 7 10 12 14 16 17 18 19 20 21 22 23 25 | 25.5
Armour         | 3 4 5 6 7 8 9 11 12 13 14 15 16 17 18 19 22 24 26 | 26.6
Dodging        | 3 4 5 6 7 8 10 11 12 13 14 15 16 17 18 19 20 22 | 22.1
Evocations     | 1 4 5 6 8 9 11 12 16 | 16.0
Crossbows      | 2 7 11 14 16 17 18 19 20 21 22 23 | 23.7

Action                   |  1- 3 |  4- 6 |  7- 9 | 10-12 | 13-15 | 16-18 | 19-21 | 22-24 | 25-27 || total
-------------------------+-------+-------+-------+-------+-------+-------+-------+-------+-------++-------
Melee: Falchion          |    84 |   217 |   432 |       |       |       |       |       |       ||   733
       Long sword        |       |       |    51 |   852 |   355 |       |       |       |       ||  1258
       Scimitar          |       |       |       |       |   328 |     5 |       |       |       ||   333
       Trident           |       |       |       |       |    31 |       |       |       |       ||    31
       Great sword       |       |       |       |       |   497 |   796 |   719 |   819 |  1571 ||  4402
       Arbalest          |       |       |       |       |     1 |       |       |       |       ||     1
 Fire: Arbalest          |       |       |       |       |    84 |   532 |   792 |   932 |  1277 ||  3617
       Triple crossbow   |       |       |       |       |       |       |     8 |     5 |       ||    13
Invok: Berserk           |       |       |     8 |    13 |    12 |     9 |       |       |     3 ||    45
       Burn Spellbooks   |       |       |       |     5 |     4 |     6 |     4 |     7 |     7 ||    33
       Brothers in Arms  |       |       |       |     5 |       |     3 |     1 |     1 |     4 ||    14
       Trog's Hand       |       |       |       |     1 |     4 |     3 |     1 |     5 |    12 ||    26
 Abil: Hop               |       |       |     1 |     1 |     1 |     2 |     5 |     4 |    10 ||    24
       Evoke Blink       |       |       |       |       |       |       |       |       |     2 ||     2
       Blink             |       |       |       |       |       |       |       |       |     1 ||     1
       Evoke Invisibilit |       |       |       |       |       |       |       |       |     1 ||     1
Evoke: Wand              |       |       |       |     7 |    16 |       |     1 |     1 |     3 ||    28
       Phial of floods   |       |       |       |       |       |       |       |       |     1 ||     1
  Use: Scroll            |     7 |     3 |    13 |     9 |    10 |    22 |     4 |    16 |    21 ||   105
       Potion            |       |       |     2 |     1 |     9 |    15 |     3 |     3 |    15 ||    48
 Stab: Distracted        |       |       |       |     1 |     1 |       |     1 |       |     1 ||     4
       Petrifying        |       |       |       |       |     2 |       |       |       |       ||     2
       Invisible         |       |       |       |       |       |       |       |       |     5 ||     5
       Confused          |       |       |       |       |       |       |       |       |     4 ||     4
  Eat: Chunk             |     1 |     6 |    11 |    33 |    39 |    30 |    26 |    27 |    37 ||   210
       Fruit             |       |       |     3 |       |     5 |    20 |     1 |    10 |    16 ||    55
       Meat ration       |       |       |     4 |     1 |       |     1 |       |       |       ||     6
       Royal jelly       |       |       |       |     2 |     4 |     6 |     5 |     1 |     4 ||    22
Armor: Scale mail        |    32 |       |       |       |       |       |       |       |       ||    32
       Chain mail        |    13 |   128 |   212 |   264 |       |       |       |       |       ||   617
       Plate armour      |       |       |       |   138 |   629 |   205 |   112 |       |       ||  1084
       Ring mail         |       |       |       |       |       |   157 |   135 |       |       ||   292
       Swamp dragon scal |       |       |       |       |       |       |    18 |    75 |       ||    93
       Ice dragon scales |       |       |       |       |       |       |       |   174 |    70 ||   244
       Gold dragon scale |       |       |       |       |       |       |       |       |   975 ||   975
Dodge: Dodged            |    34 |    88 |   192 |   424 |   582 |   840 |   794 |   934 |  1587 ||  5475
Block: Other             |       |       |       |       |       |       |   122 |   147 |       ||   269
       Reflection        |       |       |       |       |       |       |    10 |    21 |       ||    31
       Rpst.: Falchion   |     7 |    25 |    59 |       |       |       |       |       |       ||    91
       Long sword        |       |       |     5 |   127 |    33 |       |       |       |       ||   165
       Scimitar          |       |       |       |       |    50 |     1 |       |       |       ||    51
       Great sword       |       |       |       |       |    58 |   148 |   142 |   158 |   277 ||   783
